 Dungeon Crawl Stone Soup version 0.26-a0-30-g56b8cd3df0 (webtiles) character file.

Game seed: 5716847621658044339, levelgen mode: deterministic

143 Lanoc the Cudgeler (level 5, -8/69 HPs)
             Began as a Draconian Chaos Knight on May 30, 2020.
             Was a Plaything of Xom.
             Blown up by Ijyb (10 damage)
             ... with a disintegration bolt
             ... on level 3 of the Dungeon.
             The game lasted 00:05:39 (2013 turns).

Lanoc the Cudgeler (Draconian Chaos Knight)         Turns: 2013, Time: 00:05:41

Health: -8/69      AC: 22    Str: 15    XL:     5   Next: 4%
Magic:  5/5        EV:  2    Int: 12    God:    Xom [....*.]
Gold:   90         SH:  0    Dex: 11    Spells: 4/4 levels left

rFire    . . .     SeeInvis .   a - +1 mace (chaos)
rCold    . . .     Gourm    .   (no shield)
rNeg     + + +     Faith    .   (armour unavailable)
rPois    +         Spirit   .   (helmet currently unavailable)
rElec    .         Reflect  .   (cloak currently unavailable)
rCorr    .         Harm     .   (gloves currently unavailable)
MR       .....     NoTele   +   (boots currently unavailable)
Stlth    +.........             l - amulet of the acrobat
HPRegen  0.21/turn              (no ring)
MPRegen  0.09/turn              (no ring)

@: lethally poisoned (-8 -> -10), tree-form, berserk cooldown, slowed, very slow
A: unfitting armour, AC +5
a: Renounce Religion


You were on level 3 of the Dungeon.
You worshipped Xom.
You were a beloved toy of Xom.
You were hungry.
You were a tree.
You visited 1 branch of the dungeon, and saw 3 of its levels.

You collected 90 gold pieces.

Inventory:

Hand Weapons
 a - a +1 mace of chaos (weapon)
Missiles
 k - 3 curare-tipped darts (quivered)
Jewellery
 l - an amulet of the acrobat (around neck)
 m - an uncursed ring of ice
Scrolls
 d - a scroll of enchant weapon
 e - 3 scrolls of identify
 f - 3 scrolls of teleportation
Potions
 i - a potion of haste
Comestibles
 b - 6 rations


   Skills:
 + Level 4.2 Fighting
 * Level 4.6 Maces & Flails
 + Level 3.0 Dodging


You had 4 spell levels left.
You didn't know any spells.
Your spell library was empty.

Dungeon Overview and Level Annotations

Branches:
Dungeon (3/15)

Altars:
Kikubaaqudgha
Ru

Annotations:
D:3 Ijyb


Innate Abilities, Weirdness & Mutations

((Your plain brown scales are hard. (AC +5)))
You cannot fit into any form of body armour.
((You are cold-blooded and may be slowed by cold attacks.))


Message History

* * * LOW HITPOINT WARNING * * *
You feel sick. The bat barely misses you. The bat hits you.
* * * LOW HITPOINT WARNING * * *
* * * LOW HITPOINT WARNING * * *
You feel sick.
You closely miss the bat.
Your tail-slap misses the bat.
* * * LOW HITPOINT WARNING * * *
You feel sick. The bat misses you. The bat hits you but does no damage. x2
Really quaff the potion of lignification?
You turn into a tree.
Your roots penetrate the ground.
* * * LOW HITPOINT WARNING * * *
You feel sick. The bat hits you but does no damage.
The bat completely misses you.
You barely miss the bat.
* * * LOW HITPOINT WARNING * * *
You feel sick.
Ijyb shouts!
The bat hits you but does no damage.
Ijyb zaps a wand.
You are blasted!
You die...
Xom laughs nastily!

.### .# ..#.#
...### .# #g##.#
##.(.#..# ..#..#
.###.).##. #.##.##
.#####.....# ..#..#
...#
####...####.##g##
.#...#...#
#...#b.#..# ##
#...#...###...##§##
### #...###♣#§§#
#...#.#.##
###.§...# #######


You could see Ijyb and a bat.

Vanquished Creatures
  Robin (D:3)
  4 gnolls (D:3)
  4 adders
  A worm (D:2)
  2 bats
  4 bat zombies (D:3)
  3 giant cockroaches
  14 goblins
  4 hobgoblins
  2 quokkas
  6 frilled lizards
  9 kobolds
  5 rats
59 creatures vanquished.

Vanquished Creatures (others)
  An adder (D:2)
  A hobgoblin (D:2)
2 creatures vanquished.

Grand Total: 61 creatures vanquished

Notes
Turn   | Place    | Note
-------+----------+-------------------------------------------
     0 | D:1      | Lanoc the Draconian Chaos Knight began the quest for the
                  | Orb.
     0 | D:1      | Reached XP level 1. HP: 19/19 MP: 1/1
   157 | D:1      | XOM: divination: detect creatures
   396 | D:1      | Reached XP level 2. HP: 26/26 MP: 2/2
   494 | D:1      | XOM: cloud trail
  1022 | D:2      | XOM: cloud trail
  1082 | D:2      | XOM: 4-stop teleportation journey
  1203 | D:2      | XOM: cloud trail
  1226 | D:2      | Reached XP level 3. HP: 32/33 MP: 3/3
  1442 | D:2      | XOM: divine lightning
  1602 | D:2      | You fall into a shaft and drop 1 floor!
  1602 | D:3      | XOM: stealth player
  1602 | D:3      | Found a sacrificial altar of Ru.
  1602 | D:3      | Noticed Robin
  1642 | D:3      | Reached XP level 4. HP: 10/40 MP: 4/4
  1670 | D:3      | Noticed Ijyb
  1690 | D:3      | Killed Robin
  1808 | D:3      | Found an ancient bone altar of Kikubaaqudgha.
  1985 | D:3      | XOM: fog
  2004 | D:3      | Reached XP level 5. HP: 13/46 MP: 5/5
  2011 | D:3      | HP: 2/46 [poisoned by an adder]
  2013 | D:3      | Blown up by Ijyb

Illustrated notes

Levels and vault maps discovered:
D:1:      dpeg_arrival_prison, layout_basic
D:2:      minmay_diamond_boxcup, layout_loops_ring
D:3:      minmay_skewed_foursquare, layout_basic,
          lemuel_zombie_altar_kikubaaqudgha, nicolae_overflow_crystal_walls,
          portal_sewer_entry_a, kennysheep_generic_room_14, uniq_ijyb,
          uniq_robin

Skill      XL: |  1  2  3  4 |
---------------+-------------+-----
Maces & Flails | 4 |  4.6
Fighting       | 4 |  4.2
Dodging        | 3 |  3.0

Action                   |  1- 3 |  4- 6 || total
-------------------------+-------+-------++-------
Melee: Mace              |   110 |    43 ||   153
       Tailslap          |     4 |     1 ||     5
Throw: Dart              |       |     5 ||     5
  Use: Scroll            |     5 |     3 ||     8
       Potion            |     1 |     2 ||     3
 Stab: Paralysed         |     1 |       ||     1
  Eat: Chunk             |     2 |     1 ||     3
Armor: Skin              |    74 |    21 ||    95
Dodge: Dodged            |    63 |    62 ||   125

Table legend:
 A = Non-vault XP
 B = Vault XP
 C = Vault XP percentage of total XP
 D = Non-vault monster count
 E = Vault monster count
 F = Vault count percentage of total count
                 A         B        C        D         E       F
            +---------+---------+-------+---------+---------+-------
      Total |     158 |      47 |  22.9 |      40 |      19 |  32.2
            +---------+---------+-------+---------+---------+-------
        D:1 |      16 |       3 |  15.8 |      13 |       2 |  13.3
        D:2 |      61 |       0 |   0.0 |      15 |       0 |   0.0
        D:3 |      81 |      44 |  35.2 |      12 |      17 |  58.6
            +---------+---------+-------+---------+---------+-------
